 Dungeon Crawl Stone Soup version 0.31-a0-202-g547052bce9 (webtiles) character file.

Game seed: 3358978211980041011

16 qw the Shooter (level 2, -1/16 HPs)
             Began as a Deep Elf Hunter on June 26, 2023.
             Succumbed to their own poison gas
             ... on level 1 of the Dungeon.
             The game lasted 00:00:12 (713 turns).

qw the Shooter (Deep Elf Hunter)                     Turns: 713, Time: 00:00:13

Health: -1/16      AC:  5    Str:  8    XL:     2   Next: 37%
Magic:  2/4        EV: 10    Int: 13    God:
Gold:   41         SH:  0    Dex: 18    Spells: 1/1 levels left

rFire   . . .        Y - +0 shortbow
rCold   . . .        (shield currently unavailable)
rNeg    . . .        f - +0 ring mail
rPois   .            (no helmet)
rElec   .            (no cloak)
rCorr   .            (no gloves)
SInv    .            (no boots)
Will    .....        d - amulet of guardian spirit
Stlth   +            (no ring)
HPRegen 0.22/turn    (no ring)
MPRegen 0.09/turn

%: guardian spirit
@: lethally poisoned (-1 -> -7)
A: no striking features
a: no special abilities


You were on level 1 of the Dungeon.
You visited 1 branch of the dungeon, and saw 2 of its levels.

You collected 41 gold pieces.


   Skills:
 - Level 1.5 Fighting
 + Level 6.2 Ranged Weapons
 - Level 2.4 Dodging
 - Level 1.2 Stealth


You had one spell level left.
You didn't know any spells.
Your spell library was empty.

Inventory:

Hand Weapons
 Y - a +0 shortbow (weapon)
Armour
 f - a +0 ring mail (worn)
Jewellery
 d - an amulet of guardian spirit (around neck)

Dungeon Overview and Level Annotations

Branches:
Dungeon (2/15)

Altars:
Elyvilon

Annotations:
D:1 1 runed translucent door


Message History

Enter note: You start resting.
Magic restored.
You start resting.
The endoplasm jiggles.
HP restored.
Could not explore, unopened runed door.
707 ||| READING 2 scrolls labelled TOHUVV DUOGUUN.
The air fills with toxic fumes!
As you read the scroll labelled TOHUVV DUOGUUN, it crumbles to dust.
It was a scroll of poison.
The jackal stops to sniff the ground.
Done exploring.
708 ||| DROPPING scroll of poison.
You drop a scroll of poison.
Done exploring.
(D) Dungeon
Where to? (* - list waypoints, Enter - D:2, ? - help)
What level of the Dungeon? (default 1, ? - help) Sorry, I don't know how to get there.
Enter note:
Enter note:
Enter note:
Enter note:
Enter note:
Enter note: Really walk into that cloud of poison gas?
You are engulfed in poison gas.
You are lethally poisoned!
You feel very sick.
The endoplasm jiggles.
710 ||| Stepping ~*~*~tactically~*~*~ (cloud).
You feel very sick.
You see here a scroll of poison.
There is a lethal amount of poison in your body!
You feel sick.
The rat twitches its whiskers.
There is a lethal amount of poison in your body!
You feel sick.
There is a lethal amount of poison in your body!
You die...

#####.#.......# ###
######.....#######.#
#..................#
#.###############..#
#.#.......J.....#..#
#.#....rBrBr?...#..#
#.#...hrhwrJB...#..#
#.#######+#######..#
#.#.0¤¤¤¤¤@¤¤¤¤¤#..#
#.'}¤¤¤¤###¤¤¤¤¤+..#
#.#.¤....<.¤¤¤¤¤#..#
#.#..}...>.¤¤¤¤0#..#
#.###+#######¤###..#
#............0¤....#
#
###############¤...#
## ###### ####.
##.#..


You could see a worm, 2 endoplasms, 2 jackals, 3 giant cockroaches and 5 rats.

Vanquished Creatures
  A dart slug (D:2)
  A ball python (D:1)
  2 goblins (D:1)
  2 jackals (D:1)
  2 kobolds (D:1)
  A quokka (D:1)
  2 bats (D:1)
  A frilled lizard (D:1)
12 creatures vanquished.

Notes
Turn   | Place    | Note
-------+----------+-------------------------------------------
     0 | D:1      | qw the Deep Elf Hunter began the quest for the Orb.
     0 | D:1      | Reached XP level 1. HP: 12/12 MP: 3/3
     0 | D:1      | 0 ||| qw: Version: 0.3-a-22-g0ed2b0b
     0 | D:1      | 0 ||| qw: Game counter: 6261
     0 | D:1      | 0 ||| qw: Melee chars always use a shield: true
     0 | D:1      | 0 ||| qw: God list: Okawaru
     0 | D:1      | 0 ||| qw: Allow faded altars: false
     0 | D:1      | 0 ||| qw: Do Orc after clearing Dungeon:15 true
     0 | D:1      | 0 ||| qw: Do second Lair branch before Depths: true
     0 | D:1      | 0 ||| qw: Lair rune preference: random
     0 | D:1      | 0 ||| qw: Goals: Normal
     0 | D:1      | 0 ||| PLANNING D:1-11
     1 | D:1      | Found a runed translucent door.
   128 | D:1      | Reached XP level 2. HP: 16/16 MP: 4/4
   132 | D:1      | Reached skill level 6 in Ranged Weapons
   621 | D:1      | 621 ||| UPGRADING to +0 ring mail.
   631 | D:1      | 631 ||| DROPPING +0 leather armour.
   632 | D:1      | 632 ||| UPGRADING to amulet of guardian spirit.
   637 | D:1      | 637 ||| READING scroll labelled MAUCAC ETUCUQEO.
   638 | D:1      | 638 ||| DROPPING scroll of butterflies.
   672 | D:2      | Found a white marble altar of Elyvilon.
   674 | D:2      | 674 ||| FLEEEEING.
   675 | D:2      | 675 ||| FLEEEEING.
   676 | D:2      | 676 ||| FLEEEEING.
   677 | D:2      | 677 ||| FLEEEEING.
   678 | D:2      | 678 ||| FLEEEEING.
   679 | D:2      | 679 ||| FLEEEEING.
   680 | D:2      | 680 ||| STAIRDANCE
   707 | D:1      | 707 ||| READING 2 scrolls labelled TOHUVV DUOGUUN.
   708 | D:1      | 708 ||| DROPPING scroll of poison.
   710 | D:1      | 710 ||| Stepping ~*~*~tactically~*~*~ (cloud).
   710 | D:1      | HP: 4/16 [poisoned by you (poison gas)]
   712 | D:1      | HP: 1/16 [poisoned by you (poison gas)]
   713 | D:1      | Succumbed to their own poison gas

Levels and vault maps discovered:
D:1:      dpeg_arrival_caged_fury, layout_basic, nicolae_figureground_pulse
D:2:      layout_rooms, serial_forest, infiniplex_forest_fountain,
          infiniplex_forest_clump_medium, infiniplex_forest_end_2,
          infiniplex_forest_straight_3, infiniplex_forest_straight_5,
          infiniplex_forest_end_2, infiniplex_forest_end_3, basic_altar,
          ebering_ecumenical_altar_sacrificial, nicolae_half_adder,
          uniq_jessica, uniq_natasha, uniq_crazy_yiuf_cottage

Skill      XL: |  1  2 |
---------------+-------+-----
Ranged Weapons | 6 |  6.2
Fighting       | |  1.5
Dodging        | |  2.4
Stealth        | |  1.2

Action                     || total
---------------------------++-------
   Fire: Shortbow          ||    26
    Use: Scroll            ||     2
 Armour: Leather armour    ||     1
  Dodge: Dodged            ||     4

Table legend:
 A = Non-vault XP
 B = Vault XP
 C = Vault XP percentage of total XP
 D = Non-vault monster count
 E = Vault monster count
 F = Vault count percentage of total count
                 A         B        C        D         E       F
            +---------+---------+-------+---------+---------+-------
      Total |      23 |       0 |   0.0 |      12 |       0 |   0.0
            +---------+---------+-------+---------+---------+-------
        D:1 |      19 |       0 |   0.0 |      11 |       0 |   0.0
        D:2 |       4 |       0 |   0.0 |       1 |       0 |   0.0
            +---------+---------+-------+---------+---------+-------
